 Dungeon Crawl Stone Soup version 0.28.0-53-g5a82cb258f (webtiles) character file.

Game seed: 1442891392263604159

2362 MisterFreud the Covert (level 9, -1/66 HPs)
             Began as a Gnoll Delver on June 2, 2022.
             Was a Priest of Hepliaklqana.
             Slain by an orc knight
             ... wielding a +0 war axe
              (19 damage)
             ... in a bailey.
             The game lasted 00:08:46 (6267 turns).

MisterFreud the Covert (Gnoll Delver)               Turns: 6267, Time: 00:08:46

Health: -1/66      AC:  7    Str: 11    XL:     9   Next: 44%
Magic:  15/15      EV: 18    Int: 14    God:    Hepliaklqana [***...]
Gold:   291        SH:  0    Dex: 14    Spells: 16/16 levels left

rFire   . . .      SeeInvis .   k - +2 dagger (elec)
rCold   . . .      Faith    .   (no shield)
rNeg    . . .      Spirit   .   b - +1 leather armour
rPois   .          Reflect  .   (no helmet)
rElec   .          Harm     .   (no cloak)
rCorr   .          Rampage  .   (no gloves)
Will    .....                   z - +2 pair of boots {Fly}
Stlth   ++++......              t - amulet of magic regeneration
HPRegen 0.21/turn               j - +4 ring of evasion
MPRegen 0.54/turn               (no ring)

@: flying
A: reduced essence, fangs 1, strong nose, distributed training
a: Renounce Religion, Recall Ancestor, Ancestor Identity, Transference


You were in a bailey.
You worshipped Hepliaklqana.
Hepliaklqana was most pleased with you.
You visited 2 branches of the dungeon, and saw 8 of its levels.
You also visited: Bailey.

You collected 291 gold pieces.

Inventory:

Hand Weapons
 a - a +0 short sword of protection
 k - a +2 dagger of electrocution (weapon)
 y - the +7 morningstar "Rioheirr" {venom, Int+3 Stlth+}
   (You took it off a kobold in a bailey)

   It poisons the flesh of those it strikes.
   Int:       It affects your intelligence (+3).
   Stlth:     It makes you more stealthy.
Missiles
 m - a throwing net
 n - 15 boomerangs (quivered)
 q - 7 poisoned darts
Armour
 b - a +1 leather armour (worn)
 z - a +2 pair of boots of flying (worn)
Jewellery
 j - a +4 ring of evasion (left hand)
 t - an amulet of magic regeneration (around neck)
 x - a ring of fire
Wands
 g - a wand of digging (3)
Scrolls
 c - 5 scrolls of fog
 d - 2 scrolls of magic mapping
 e - 3 scrolls of fear
 l - 3 scrolls of teleportation
 p - a scroll of brand weapon
 v - 2 scrolls of identify
Potions
 f - a potion of haste
 h - 4 potions of heal wounds
 i - 2 potions of lignification
 o - a potion of brilliance
 r - 3 potions of curing
 s - a potion of berserk rage
 u - a potion of magic
 w - 2 potions of flight


   Skills:
 + Level 7.9 Fighting
 + Level 6.3 Short Blades
 + Level 4.2 Long Blades
 + Level 4.2 Axes
 + Level 4.2 Maces & Flails
 + Level 4.2 Polearms
 + Level 4.2 Staves
 + Level 4.2 Slings
 + Level 4.2 Bows
 + Level 4.2 Crossbows
 + Level 4.2 Throwing
 + Level 4.2 Armour
 + Level 6.3 Dodging
 + Level 10.5 Stealth
 + Level 4.2 Shields
 + Level 4.2 Unarmed Combat
 + Level 4.2 Spellcasting
 + Level 3.5 Conjurations
 + Level 3.5 Hexes
 + Level 3.5 Summonings
 + Level 3.5 Necromancy
 + Level 3.5 Translocations
 + Level 3.5 Transmutations
 + Level 3.5 Fire Magic
 + Level 3.5 Ice Magic
 + Level 3.5 Air Magic
 + Level 3.5 Earth Magic
 + Level 3.5 Poison Magic
 + Level 4.7 Invocations
 + Level 4.2 Evocations


You had 16 spell levels left.
You didn't know any spells.
Your spell library contained the following spells:

 Spells                   Type           Power      Damage    Failure   Level
 Foxfire                  Conj/Fire      48%        2x1d6     6%          1
 Magic Dart               Conj           48%        1d5       6%          1
 Corpse Rot               Necr/Air       24%        N/A       9%          2
 Searing Ray              Conj           24%        2d5       9%          2
 Conjure Flame            Conj/Fire      12%        6-21      17%         3
 Dazzling Flash           Conj/Hex       24%        N/A       17%         3
 Gell's Gravitas          Tloc           12%        N/A       17%         3
 Inner Flame              Hex/Fire       12%        N/A       17%         3
 Lesser Beckoning         Tloc           12%        N/A       17%         3
 Teleport Other           Tloc           12%        N/A       17%         3
 Dispel Undead            Necr           12%        3d9       50%         4
 Flame Wave               Conj/Fire      12%        2d6       50%         4
 Fulminant Prism          Conj/Hex       6%         3d7       50%         4
 Agony                    Necr           12%        N/A       85%         5
 Silence                  Hex/Air        6%         N/A       85%         5
 Death Channel            Necr           6%         N/A       100%        6


Dungeon Overview and Level Annotations

Branches:
Dungeon (7/15)             Temple (1/1) D:5          Bailey (1/1)

Altars:
Ashenzari
Cheibriados
Dithmenos
Elyvilon
Fedhas
Gozag
Hepliaklqana
Kikubaaqudgha
Nemelex Xobeh
Okawaru
Qazlal
Ru
Sif Muna
Trog
Uskayaw
Vehumet
Wu Jian
Xom
The Shining One

Shops:
D:4 [   D:6 =

Annotations:
D:3 2 transporters


Innate Abilities, Weirdness & Mutations

Your life essence is reduced to manifest your ancestor. (-10% HP)
You have very sharp teeth.
Your uncanny sense of smell can sniff out nearby items.
Your experience applies equally to all skills.


Message History

Your transformation is almost over.
You start resting.
Ancestor HP restored.
You start resting.
You feel less wooden.
Your +1 leather armour unmelds from your body.
You swap places.
Items here: )) [[.
n - 14 boomerangs (gained 2)
Items here: )) [[ †.
q - 7 poisoned darts (gained 1)
There is an open door here.
You see here a +2 pair of boots of flying.
z - a +2 pair of boots of flying You start putting on your armour.
You continue putting on your +2 pair of boots of flying. x4
You finish putting on your +2 pair of boots of flying.
You fly up into the air.
Unknown command.
You start resting.
HP restored.
You swap places.
There is an open door here.
Items here: )) [[ †.
Items here: )) [[.
Things that are here:
a +0 war axe; a +0 ring mail
n - 15 boomerangs (gained 1)
There is an open door, spattered with blood here.
You see here 2 boomerangs.
The helpless orc knight fails to defend itself.
You spit the orc knight like a pig!!!
The orc knight is almost dead.
The orc knight hits you with a +0 war axe!!
The orc knight hits you with a +0 war axe!!
* * * LOW HITPOINT WARNING * * *
You barely miss the orc knight.
The orc knight is almost dead.
The orc knight hits you with a +0 war axe!!
You die...

#### ∆ ...## #..#
#######o#############
.......@R...........####
...#########..(........#
#.......##'#.........
#...... #.)#.)..⌠.... ....
#).###.......
'..####'####..#('.....## .#
#.........))..###..)...#
≈≈.#..####'####..#.....≈≈≈≈
≈≈≈####.......####.≈≈(≈≈≈≈≈


You could see the friendly Beorhtric the knight and an orc knight (ally target).

Vanquished Creatures
  An orc knight (Bailey)
  Duvessa (D:5)
  3 orc warriors (Bailey)
  An ice beast (D:5)
  A necrophage (D:5)
  A scorpion (D:4)
  Dowan (D:5)
  2 howler monkeys (D:5)
  A centaur zombie (D:6)
  A centaur skeleton (D:6)
  3 bullfrog skeletons
  A hound (D:4)
  2 orc wizards
  An iguana (D:4)
  Terence (D:2)
  7 adders
  2 worms
  A dart slug (D:3)
  16 orcs
  7 ball pythons
  7 endoplasms
  6 giant cockroaches
  11 goblins
  13 hobgoblins
  3 jackals (D:1)
  9 kobolds
  A quokka (D:3)
  5 bats
  3 frilled lizards
  A jackal skeleton (D:4)
  3 rats
116 creatures vanquished.

Vanquished Creatures (collateral kills)
  4 orc warriors (Bailey)
  A necrophage (D:5)
  A centaur (D:7)
  A phantom (D:5)
  A scorpion (D:4)
  A hound (D:6)
  A gnoll (Bailey)
  3 orcs
  2 hobgoblins
  5 kobolds (Bailey)
20 creatures vanquished.

Grand Total: 136 creatures vanquished

Notes
Turn   | Place    | Note
-------+----------+-------------------------------------------
     0 | D:5      | Reached skill level 9 in Stealth
     0 | D:5      | MisterFreud the Gnoll Delver began the quest for the Orb.
     0 | D:5      | Reached XP level 1. HP: 23/23 MP: 1/1
    14 | D:6      | Reached XP level 2. HP: 25/29 MP: 2/2
    14 | D:6      | Reached XP level 3. HP: 30/35 MP: 3/3
    78 | D:5      | Found a staircase to the Ecumenical Temple.
    87 | Temple   | Entered the Ecumenical Temple
   186 | Temple   | Became a worshipper of Hepliaklqana the Forgotten
   407 | Temple   | Reached skill level 1 in Long Blades
   407 | Temple   | Reached skill level 1 in Axes
   407 | Temple   | Reached skill level 1 in Maces & Flails
   407 | Temple   | Reached skill level 1 in Polearms
   407 | Temple   | Reached skill level 1 in Staves
   407 | Temple   | Reached skill level 1 in Slings
   407 | Temple   | Reached skill level 1 in Bows
   407 | Temple   | Reached skill level 1 in Crossbows
   407 | Temple   | Reached skill level 1 in Throwing
   407 | Temple   | Reached skill level 1 in Armour
   407 | Temple   | Reached skill level 1 in Shields
   407 | Temple   | Reached skill level 1 in Unarmed Combat
   407 | Temple   | Reached skill level 1 in Spellcasting
   407 | Temple   | Reached skill level 1 in Invocations
   407 | Temple   | Reached skill level 1 in Evocations
   407 | Temple   | Reached XP level 4. HP: 18/41 MP: 5/5
   646 | D:5      | Reached skill level 1 in Conjurations
   646 | D:5      | Reached skill level 1 in Hexes
   646 | D:5      | Reached skill level 1 in Summonings
   646 | D:5      | Reached skill level 1 in Necromancy
   646 | D:5      | Reached skill level 1 in Translocations
   646 | D:5      | Reached skill level 1 in Transmutations
   646 | D:5      | Reached skill level 1 in Fire Magic
   646 | D:5      | Reached skill level 1 in Ice Magic
   646 | D:5      | Reached skill level 1 in Air Magic
   646 | D:5      | Reached skill level 1 in Earth Magic
   646 | D:5      | Reached skill level 1 in Poison Magic
   671 | D:5      | Noticed a phantom
   674 | D:5      | Reached XP level 5. HP: 47/47 MP: 5/7
   702 | D:4      | Reached XP level 6. HP: 53/53 MP: 8/8
  1078 | D:2      | Noticed Terence
  1082 | D:2      | Killed Terence
  1354 | D:2      | Reached skill level 5 in Short Blades
  1354 | D:2      | Reached skill level 5 in Dodging
  1428 | D:1      | Found a faded altar of an unknown god.
  1678 | D:1      | Reached * piety under Hepliaklqana
  2840 | D:3      | Found a transporter.
  2844 | D:3      | Found a transporter.
  3195 | D:3      | Found a stormy altar of Qazlal.
  3565 | D:4      | Reached ** piety under Hepliaklqana
  3580 | D:4      | Remembered your ancestor Beorhtric as a knight
  3795 | D:4      | Reached XP level 7. HP: 47/53 MP: 10/10
  3911 | D:4      | Found Kaowerru's Antique Armour Shoppe.
  4135 | D:5      | Found a snail-covered altar of Cheibriados.
  4403 | D:5      | Reached skill level 10 in Stealth
  4428 | D:5      | Noticed Duvessa
  4428 | D:5      | Noticed Dowan
  4445 | D:5      | Killed Duvessa
  4446 | D:5      | Reached XP level 8. HP: 34/60 MP: 12/12
  4449 | D:5      | Killed Dowan
  4925 | D:6      | Reached *** piety under Hepliaklqana
  5057 | D:6      | Found Vaiseav's Jewellery Emporium.
  5173 | D:7      | Found a flagged portal.
  5204 | Bailey   | Entered a bailey
  5282 | Bailey   | Identified the +7 morningstar "Rioheirr" {venom, Int+3
                  | Stlth+}
  5321 | Bailey   | Noticed an orc knight
  5707 | Bailey   | Identified the ring of the Lizard {Dex+3 SInv}
  5740 | Bailey   | Reached XP level 9. HP: 48/65 MP: 14/14
  5799 | Bailey   | Noticed an orc knight
  6085 | Bailey   | Killed an orc knight
  6267 | Bailey   | Slain by an orc knight

Illustrated notes

Levels and vault maps discovered:
D:1:      minmay_arrival_diagonal_passages, layout_basic,
          ebering_ecumenical_altar_ruins, minmay_pentomino_w2
D:2:      layout_basic, hangedman_decor_riveting, minmay_misc_feat_square,
          uniq_terence
D:3:      gammafunk_wand_slinger, layout_loops_cross,
          mainiacjoe_overflow_alcove_1, st_stairs_10
D:4:      layout_loops_ring, serial_shops, shop, kennysheep_generic_room_13
D:5:      layout_basic, mainiacjoe_overflow_six_doors_small,
          minmay_temple_entry_wispy, uniq_duvessa
D:6:      layout_cave_pools, serial_shops, kennysheep_mini, minivault_23
D:7:      layout_basic, enter_bailey_2, uniq_crazy_yiuf_cottage
Temple:   regret_index_temple_mists
Bailey:   bailey_axe_4, bailey

Skill      XL: |  1  2  3  4  5  6  7  8  9 |
---------------+----------------------------+-----
Stealth        | 10 | 10.5
Long Blades    | 1 2 3 4 |  4.2
Axes           | 1 2 3 4 |  4.2
Maces & Flails | 1 2 3 4 |  4.2
Polearms       | 1 2 3 4 |  4.2
Staves         | 1 2 3 4 |  4.2
Slings         | 1 2 3 4 |  4.2
Bows           | 1 2 3 4 |  4.2
Crossbows      | 1 2 3 4 |  4.2
Throwing       | 1 2 3 4 |  4.2
Armour         | 1 2 3 4 |  4.2
Shields        | 1 2 3 4 |  4.2
Unarmed Combat | 1 2 3 4 |  4.2
Spellcasting   | 1 2 3 4 |  4.2
Invocations    | 1 2 3 4 |  4.7
Evocations     | 1 2 3 4 |  4.2
Conjurations   | 1 2 3 |  3.5
Hexes          | 1 2 3 |  3.5
Summonings     | 1 2 3 |  3.5
Necromancy     | 1 2 3 |  3.5
Translocations | 1 2 3 |  3.5
Transmutations | 1 2 3 |  3.5
Fire Magic     | 1 2 3 |  3.5
Ice Magic      | 1 2 3 |  3.5
Air Magic      | 1 2 3 |  3.5
Earth Magic    | 1 2 3 |  3.5
Poison Magic   | 1 2 3 |  3.5
Short Blades   | 5 6 |  6.3
Dodging        | 5 6 |  6.3
Fighting       | 7 |  7.9

Action                   |  1- 3 |  4- 6 |  7- 9 || total
-------------------------+-------+-------+-------++-------
Melee: Short sword       |    33 |   151 |       ||   184
       Bite              |     3 |    13 |    17 ||    33
       Punch             |     1 |     4 |    10 ||    15
       Dagger            |       |    53 |   171 ||   224
Throw: Dart              |       |       |     1 ||     1
Invok: Recall Ancestor   |       |     1 |       ||     1
       Ancestor Life: Kn |       |     1 |       ||     1
  Use: Scroll            |       |    10 |     3 ||    13
       Potion            |       |       |     1 ||     1
 Stab: Sleeping          |       |    43 |    11 ||    54
       Distracted        |       |     1 |     2 ||     3
Armor: Leather armour    |    10 |    24 |    20 ||    54
       Skin              |       |       |     6 ||     6
Dodge: Dodged            |    20 |   136 |   118 ||   274
